 Dungeon Crawl Stone Soup version 0.17.1-3-g152610e (webtiles) character file.

105 Gargoyl the Skirmisher (level 4, -6/37 HPs)
             Began as a Demonspawn Abyssal Knight on Feb 27, 2016.
             Was a Believer of Lugonu.
             Killed from afar by an orc wizard (8 damage)
             ... with a puff of frost
             ... on level 3 of the Dungeon.
             The game lasted 00:06:08 (2025 turns).

Gargoyl the Skirmisher (Demonspawn Abyssal Knight)  Turns: 2025, Time: 00:06:09

Health: -6/37      AC:  5    Str: 14    XL:     4   Next: 53%
Magic:  6/6        EV: 11    Int: 13    God:    Lugonu [**....]
Gold:   114        SH:  0    Dex: 12    Spells: 0 memorised, 3 levels left

rFire  . . .     SeeInvis .     m - +0 battleaxe
rCold  . . .     Clarity  .     q - +0 ring mail
rNeg   . . .     SustAt   .     (shield currently unavailable)
rPois  .         Gourm    .     (no helmet)
rElec  .         Spirit   .     (no cloak)
rCorr  .         Warding  .     (no gloves)
rMut   .         Stasis   .     (no boots)
MR     .....                    (no amulet)
Stlth  ..........               (no ring)
                                (no ring)

@: not resistant to hostile enchantments, extremely unstealthy
A: hooves 1, powered by death 1
a: Depart the Abyss, Bend Space, Renounce Religion


You were on level 3 of the Dungeon.
You worshipped Lugonu.
Lugonu was pleased with you.
You were not hungry.

You visited 1 branch of the dungeon, and saw 3 of its levels.
You visited the Abyss 1 time.

You collected 114 gold pieces.

Inventory:

Hand Weapons
 a - a +1 hand axe
 m - a +0 battleaxe (weapon)
Armour
 q - a +0 ring mail (worn)
Scrolls
 e - a scroll of random uselessness {unknown}
 f - 4 scrolls of teleportation {unknown}
 g - a scroll of remove curse {unknown}
 h - a scroll of enchant weapon {unknown}
 i - a scroll of noise {unknown}
 j - a scroll of identify {unknown}
 p - a scroll of blinking {unknown}
Potions
 b - a potion of agility {unknown}
 d - a potion of magic {unknown}
 l - a potion of poison {unknown}
 n - a potion of degeneration {unknown}
 o - a potion of heal wounds {unknown}
Comestibles
 c - a bread ration
 k - 2 meat rations


   Skills:
 + Level 3.9 Fighting
 + Level 2.4 Axes
 + Level 2.2 Armour
 + Level 2.1 Dodging
 + Level 2.8 Invocations


You had 3 spell levels left.
You didn't know any spells.

Dungeon Overview and Level Annotations

Branches:
Dungeon (3/15)

Altars:
Okawaru
Yredelemnul


Innate Abilities, Weirdness & Mutations

You have large cloven feet.
You regenerate a little health from kills.


Message History

You hit the orc.
The orc is moderately wounded.
You closely miss something.
You hear some strange, mumbled words.
A puff of frost appears from out of thin air!
The puff of frost hits you! The orc hits you but does no damage.
You hear some strange, mumbled words.
A magic dart appears from out of thin air!
The magic dart hits you!
* * * LOW HITPOINT WARNING * * *
The orc hits you.
* * * LOW HITPOINT WARNING * * *
You barely miss the orc. You kick the orc, but do no damage.
The orc is moderately wounded.
You closely miss something.
You feel less regenerative.
You hear some strange, mumbled words.
A puff of frost appears from out of thin air!
The puff of frost hits you!
You die...

# . .... .#
.%..###### .#
.........##.##
.............
.........))#
.........@# ###.#
?.......{o#......
.......<.........
.................
........#........
###.#.(..........
# #..##........
...# #"...!...
#... #........


You could see an orc.

Vanquished Creatures
  4 gnolls
  An adder (D:2)
  2 worms (D:2)
  A giant gecko (D:1)
  4 orcs
  A ball python (D:1)
  7 hobgoblins
  8 bats
  A giant cockroach (D:2)
  2 giant newts (D:1)
  6 goblins
  8 kobolds
  5 rats
50 creatures vanquished.

Notes
Turn   | Place    | Note
--------------------------------------------------------------
     0 | Abyss:1  | Gargoyl the Demonspawn Abyssal Knight began the quest for the Orb.
     0 | Abyss:1  | Reached XP level 1. HP: 18/18 MP: 2/2
    20 | Abyss:1  | Found a corrupted altar of Lugonu.
    67 | Abyss:1  | Noticed a wretched star
    68 | D:1      | Escaped the Abyss
   146 | D:1      | Reached * piety under Lugonu
   454 | D:1      | Gained mutation: You have large cloven feet. [demonic ancestry]
   454 | D:1      | Reached XP level 2. HP: 20/24 MP: 3/3
   505 | D:1      | Reached skill level 1 in Dodging
  1054 | D:2      | Found a basalt altar of Yredelemnul.
  1057 | D:2      | Gained mutation: You regenerate a little health from kills. [demonic ancestry]
  1057 | D:2      | Reached XP level 3. HP: 24/30 MP: 5/5
  1082 | D:2      | Reached ** piety under Lugonu
  1323 | D:2      | Reached XP level 4. HP: 19/37 MP: 6/6
  1952 | D:2      | Found an iron altar of Okawaru.
  2025 | D:3      | Killed from afar by an orc wizard

Action                   |  1- 3 |  4- 6 || total
-------------------------+-------+-------++-------
Melee: Hand axe          |   108 |    19 ||   127
       Battleaxe         |       |    38 ||    38
Invok: Depart the Abyss  |     1 |       ||     1
  Use: Potion            |     2 |       ||     2
  Eat: Chunk             |     2 |     2 ||     4
